 Dungeon Crawl Stone Soup version 0.28.0-45-g0d030f2227 (webtiles) character file.

Game seed: 7578805861103978903

4098 Zeld the Chiller (level 10, -1/76 HPs)
             Began as a Merfolk Ice Elementalist on Apr 22, 2022.
             Was a Believer of Vehumet.
             Slain by an unseen horror (7 damage)
             ... on level 8 of the Dungeon.
             The game lasted 00:12:15 (12621 turns).

Zeld the Chiller (Merfolk Ice Elementalist)        Turns: 12621, Time: 00:12:16

Health: -1/76      AC:  6    Str:  8    XL:     10   Next: 26%
Magic:  15/18      EV: 14    Int: 19    God:    Vehumet [**....]
Gold:   426        SH:  0    Dex: 15    Spells: 9/20 levels left

rFire   . . .      SeeInvis .   x - +7 whip "Tetzafek" {freeze, Will+}
rCold   . . .      Faith    .   (no shield)
rNeg    . . .      Spirit   .   i - +0 robe
rPois   .          Reflect  .   o - +0 helmet
rElec   .          Harm     .   k - +0 cloak
rCorr   .          Rampage  .   s - +0 pair of gloves
Will    +....                   w - +0 pair of boots
Stlth   +++.......              (no amulet)
HPRegen 0.22/turn               (no ring)
MPRegen 0.16/turn               (no ring)

@: freezing walls
A: (nimble swimmer 2), mertail
a: Renounce Religion


You were on level 8 of the Dungeon.
You worshipped Vehumet.
Vehumet was pleased with you.
You visited 2 branches of the dungeon, and saw 9 of its levels.

You collected 426 gold pieces.

Inventory:

Hand Weapons
 a - a +0 trident
 x - the +7 whip "Tetzafek" (weapon) {freeze, Will+}
   (You found it on level 4 of the Dungeon)

   It freezes those it strikes, dealing additional cold damage.
   It can also slow down cold-blooded creatures.
   Will:      It increases your willpower.
Armour
 i - a +0 robe (worn)
 k - a +0 cloak (worn)
 o - a +0 helmet (worn)
 s - a +0 pair of gloves (worn)
 w - a +0 pair of boots (worn)
Wands
 n - a wand of flame (15)
Scrolls
 d - 3 scrolls of holy word
 g - 2 scrolls of fear
 j - a scroll of silence
 m - 3 scrolls of magic mapping
 r - a scroll of brand weapon
 t - a scroll of vulnerability {unknown}
 u - 3 scrolls of teleportation
 y - a scroll of noise {unknown}
Potions
 b - a potion of degeneration {unknown}
 c - 3 potions of heal wounds {unknown}
 e - 3 potions of curing {unknown}
 h - 4 potions of mutation {unknown}
 p - a potion of flight {unknown}
 v - a potion of invisibility {unknown}


   Skills:
 * Level 6.2 Fighting
 * Level 7.7 Polearms
 + Level 2.9 Armour
 + Level 5.8 Dodging
 + Level 5.2 Stealth
 * Level 5.8 Spellcasting
 + Level 2.6 Conjurations
 * Level 7.9 Ice Magic
 + Level 3.3 Evocations


You had 9 spell levels left.
You knew the following spells:

 Your Spells              Type           Power      Damage    Failure   Level
a - Freeze                Ice            100%       1d11      1%          1
b - Frozen Ramparts       Ice            70%        1d9       1%          3
c - Ozocubu's Armour      Ice            35%        N/A       1%          3
d - Hailstorm             Conj/Ice       25%        3d7       13%         4

Your spell library contained the following spells:

 Spells                   Type           Power      Damage    Failure   Level
 Searing Ray              Conj           30%        2d5       6%          2
 Animate Skeleton         Necr           10%        N/A       12%         1
 Apportation              Tloc           10%        N/A       12%         1
 Summon Small Mammal      Summ           20%        N/A       12%         1
 Mephitic Cloud           Conj/Pois/Air  8%         N/A       24%         3
 Ignite Poison            Fire/Tmut/Pois 5%         N/A       34%         3
 Portal Projectile        Hex/Tloc       10%        N/A       34%         3
 Freezing Cloud           Conj/Ice/Air   9%         6-21      58%         5
 Blade Hands              Tmut           2%         N/A       97%         5
 Excruciating Wounds      Necr           2%         N/A       97%         5


Dungeon Overview and Level Annotations

Branches:
Dungeon (8/15)             Temple (1/1) D:4
   Lair: D:8-11

Altars:
Cheibriados
Dithmenos
Elyvilon
Fedhas
Gozag
Hepliaklqana
Kikubaaqudgha
Makhleb
Nemelex Xobeh
Qazlal
Ru
Sif Muna
Trog
Uskayaw
Vehumet
Wu Jian
Xom
Yredelemnul
Zin
The Shining One


Innate Abilities, Weirdness & Mutations

((You are very nimble when in or above water. (Stealth+, EV+, Speed+++)))
Your lower body shifts to a powerful aquatic tail in water.


Message History

Confirm with . or Enter, or press ? or * to list all spells.
Aiming: Freeze (safe; 1% risk of failure)
Press: ? - help, Shift-Dir - straight line, f - you That would be overly suicidal.
Okay, then.
Unknown command.
Casting: Freeze (safe; 1% risk of failure)
Confirm with . or Enter, or press ? or * to list all spells.
You can't see any susceptible monsters within range! (Use Z to cast anyway.)
Casting: Freeze (safe; 1% risk of failure)
Confirm with . or Enter, or press ? or * to list all spells.
Casting: Frozen Ramparts (safe; 1% risk of failure)
Press: ? - help, Dir - look around, f - activate The walls around you are covered in ice.
The wall freezes something.
Something hits you but does no damage.
The wall freezes something but does no damage.
The wall freezes something. x2; Something hits you but does no damage.
The wall freezes something.
Something hits you.
The wall freezes something.
Something hits you.
The wall freezes something.
Something hits you but does no damage.
Unknown command.
The wall freezes something.
Something hits you but does no damage.
The wall freezes something.
Something hits you but does no damage.
The wall freezes something.
Something hits you.
Unknown command.
The wall freezes something.
Something hits you but does no damage.
The wall freezes something.
Something hits you.
* * * LOW HITPOINT WARNING * * *
The wall freezes something.
Something hits you!
* * * LOW HITPOINT WARNING * * *
Unknown command.
Okay, then.
You can't see any enemies this would affect, really read the scroll of fear?
Okay, then.
The wall freezes something.
Something hits you.
* * * LOW HITPOINT WARNING * * *
The wall freezes something.
Something hits you.
* * * LOW HITPOINT WARNING * * *
The wall freezes something.
Something hits you!
You die...

... .... .. ##.......
...########...O....
............# .#
#######..########.#
##....>.........#
####..###......)..## .
#.....@...#######).#
....##.(############.#
..............)[..##.##
.....#........###...<.#
..#..########.######..#
. ## #....# ##.###
####..###...# #...###..
#.....###


There were no monsters in sight!

Vanquished Creatures
  A manticore (D:7)
  Eustachio (D:4)
  Menkaure (D:7)
  2 water moccasins
  A sky beast (D:6)
  An ogre (D:7)
  A black bear (D:5)
  A necrophage (D:5)
  4 centaurs
  3 bullfrogs
  A gnoll sergeant (D:6)
  A kobold brigand (D:8)
  A scorpion (D:5)
  A wyvern zombie (D:6)
  A water moccasin skeleton (D:7)
  10 killer bees
  3 wights (D:7)
  A bullfrog zombie (D:5)
  6 howler monkeys
  A centaur zombie (D:7)
  2 hounds
  2 gnoll shamans (D:8)
  3 orc priests
  3 centaur skeletons (D:7)
  4 iguanas
  An orc wizard (D:6)
  A killer bee zombie (D:8)
  2 hound skeletons
  12 gnolls
  2 adders
  A shadow imp (D:8)
  2 white imps
  An ufetubus (D:5)
  An adder skeleton (D:4)
  3 worms
  2 dart slugs
  13 orcs
  4 bats
  An endoplasm (D:2)
  2 giant cockroaches
  7 hobgoblins
  4 jackals (D:2)
  9 kobolds
  5 quokkas
  3 ball pythons
  2 frilled lizards
  7 goblins
  9 rats
150 creatures vanquished.

Vanquished Creatures (collateral kills)
  A two-headed ogre (D:8)
1 creature vanquished.

Vanquished Creatures (others)
  9 plants (D:6)
9 creatures vanquished.

Grand Total: 160 creatures vanquished

Notes
Turn   | Place    | Note
-------+----------+-------------------------------------------
     0 | D:1      | Zeld the Merfolk Ice Elementalist began the quest for the
                  | Orb.
     0 | D:1      | Reached XP level 1. HP: 13/13 MP: 3/3
   598 | D:1      | Found a faded altar of an unknown god.
   599 | D:1      | Noticed a great orb of eyes
   601 | D:1      | Noticed an eye of devastation
   606 | D:1      | Noticed a floating eye
   612 | D:1      | Reached XP level 2. HP: 20/20 MP: 3/5
   745 | D:1      | Noticed a great orb of eyes
  1100 | D:1      | Reached skill level 1 in Fighting
  1821 | D:2      | Reached XP level 3. HP: 26/26 MP: 6/6
  1825 | D:2      | Learned a level 3 spell: Frozen Ramparts
  3041 | D:2      | Reached XP level 4. HP: 26/32 MP: 3/7
  3045 | D:2      | Learned a level 3 spell: Ozocubu's Armour
  4075 | D:3      | Reached skill level 5 in Ice Magic
  4142 | D:3      | Found a shadowy altar of Dithmenos.
  4338 | D:4      | Reached XP level 5. HP: 38/38 MP: 7/9
  4452 | D:4      | Found a staircase to the Ecumenical Temple.
  4474 | Temple   | Entered the Ecumenical Temple
  4487 | Temple   | Became a worshipper of Vehumet
  4774 | D:4      | You fall into a shaft and drop 1 floor!
  4774 | D:5      | Entered Level 5 of the Dungeon
  4777 | D:5      | Found a bloodstained altar of Trog.
  4841 | D:5      | Reached skill level 1 in Armour
  4871 | D:5      | Noticed a water moccasin
  4883 | D:5      | Killed a water moccasin
  4884 | D:5      | Reached skill level 1 in Polearms
  4884 | D:5      | Reached XP level 6. HP: 44/46 MP: 2/10
  4913 | D:5      | Learned a level 4 spell: Hailstorm
  5043 | D:5      | Found an ancient bone altar of Kikubaaqudgha.
  5301 | D:5      | Noticed a black bear
  5319 | D:4      | Noticed Eustachio
  5802 | D:4      | Identified the +7 whip "Tetzafek" {freeze, Will+}
  5866 | D:5      | Reached skill level 1 in Evocations
  5867 | D:5      | Reached * piety under Vehumet
  5867 | D:5      | Offered knowledge of Foxfire by Vehumet.
  5868 | D:5      | Reached XP level 7. HP: 39/52 MP: 8/12
  6686 | D:5      | Found a white marble altar of Elyvilon.
  7073 | D:6      | Reached skill level 1 in Conjurations
  7073 | D:6      | Reached XP level 8. HP: 52/60 MP: 13/13
  7226 | D:5      | Found an ancient bone altar of Kikubaaqudgha.
  7326 | D:5      | Found a bloodstained altar of Trog.
  7518 | D:5      | Found a white marble altar of Elyvilon.
  7643 | D:4      | Found a staircase to the Ecumenical Temple.
  7776 | D:4      | Killed Eustachio
  8954 | D:6      | Reached skill level 5 in Polearms
  9563 | D:7      | Reached XP level 9. HP: 54/67 MP: 11/15
  9565 | D:7      | Reached skill level 5 in Fighting
  9657 | D:7      | Reached skill level 5 in Dodging
 10061 | D:7      | Noticed Menkaure
 10067 | D:7      | Killed Menkaure
 10335 | D:7      | Reached skill level 5 in Spellcasting
 10920 | D:7      | Found the +8 trident of the Octopus King {venom, rElec
                  | rPois}
 10940 | D:7      | Noticed a manticore
 10955 | D:7      | Killed a manticore
 11546 | D:8      | Found a sacrificial altar of Ru.
 11661 | D:8      | Reached ** piety under Vehumet
 11661 | D:8      | Offered knowledge of Searing Ray by Vehumet.
 11662 | D:8      | Reached skill level 5 in Stealth
 11790 | D:8      | Reached XP level 10. HP: 57/76 MP: 18/18
 12059 | D:8      | Noticed a two-headed ogre
 12082 | D:8      | Killed a two-headed ogre
 12621 | D:8      | Slain by an unseen horror

Illustrated notes

Levels and vault maps discovered:
D:1:      dpeg_arrival_ratfight, layout_basic,
          hellmonk_ecumenical_altar_watching_god, nrook_loot_triangle,
          hangedman_abyss_or_decor_stabs, minmay_distorted
D:2:      layout_loops_cross
D:3:      wad_crossroads, layout_rooms, mainiacjoe_overflow_alcove_2,
          nicolae_figureground_sparkle
D:4:      layout_rooms, minmay_temple_entry_wispy, minmay_goblin_kobold_house,
          uniq_eustachio
D:5:      layout_basic, trog_butcher_becter,
          mainiacjoe_overflow_small_starburst,
          nicolae_kikubaaqudgha_miasma_corner, hangedman_decor_clover_reticule
D:6:      layout_loops_ring, nicolae_grassy_gnolls
D:7:      cheibrodos_two_vegetables, layout_rooms, uniq_menkaure
D:8:      kennysheep_steamy, layout_rooms, nicolae_overflow_crystal_walls,
          okawaru_altar_gauntlet_db
Temple:   eino_wide_crystal_templ

Skill      XL: |  1  2  3  4  5  6  7  8  9 10 |
---------------+-------------------------------+-----
Fighting       | 1 2 3 4 5 6 |  6.2
Dodging        | 3 4 5 |  5.8
Ice Magic      | 5 6 7 |  7.9
Armour         | 1 2 |  2.9
Polearms       | 1 2 3 5 7 |  7.7
Stealth        | 3 4 5 |  5.2
Spellcasting   | 3 4 5 |  5.8
Evocations     | 1 2 3 |  3.3
Conjurations   | 1 2 |  2.6

Action                   |  1- 3 |  4- 6 |  7- 9 | 10-12 || total
-------------------------+-------+-------+-------+-------++-------
Melee: Unarmed           |    15 |       |       |       ||    15
       Trident           |    27 |   123 |       |       ||   150
       Punch             |     1 |     2 |     1 |       ||     4
       Whip              |       |     1 |   104 |     2 ||   107
       Tailslap          |       |       |     1 |       ||     1
 Cast: Freeze            |    50 |    28 |    55 |     9 ||   142
       Frozen Ramparts   |     2 |     5 |    28 |     4 ||    39
Evoke: Wand              |       |       |    11 |       ||    11
  Use: Scroll            |       |       |     8 |     1 ||     9
 Stab: Sleeping          |     3 |    15 |     3 |       ||    21
Armor: Robe              |    18 |    55 |    60 |    19 ||   152
Dodge: Dodged            |    47 |   130 |   218 |    18 ||   413
